[Event "US Masters 2022"]
[Site "Charlotte"]
[Date "2022.11.26"]
[Round "6.3"]
[White "Liang, Awonder"]
[Black "Druska, Juraj"]
[Result "1-0"]
[ECO "A17"]
[WhiteElo "2630"]
[BlackElo "2511"]
[Annotator "TA"]
[PlyCount "81"]
[EventDate "2022.11.23"]
[EventType "swiss"]
[EventCountry "USA"]
[SourceTitle "playchess.com"]
[Source "ChessBase"]
[SourceQuality "1"]
[TimeControl "5400+30"]

1. Nf3 e6 2. c4 d5 3. e3 Nf6 4. Nc3 a6 5. b3 Bd6 6. Bb2 {[%emt 0:00:37] A17: English Opening: 1...Nf6 with ...Bb4.} b6 7. g3 O-O 8. Bg2 {[%emt 0:00:02] White has an edge.} Bb7 9. cxd5 exd5 10. O-O Re8 11. Rc1 Nbd7 12. Re1 Rc8 13. d4 Qe7 {[%emt 0:00:45] [#]} 14. Re2 $146 ({Predecessor:} 14. Ne2 Bb4 15. Rf1 Ba3 16. Qc2 Bd6 17. Nf4 c5 18. Qe2 Ne4 19. Rfd1 Ndf6 20. dxc5 bxc5 {1-0 (70) Suarez Gomez,J (2433)-Rios,C (2530) Linares 2019}) 14... g6 15. Rec2 (15. Nd2 $5 ) 15... h5 16. Ne2 Ng4 17. Nf4 Ndf6 18. Nd3 c5 19. dxc5 bxc5 20. h3 c4 {[%emt 0:08:13] Loses the game.} (20... Nxe3 $1 $14 21. Bxf6 (21. fxe3 Qxe3+ 22. Nf2 Ne4 $14) 21... Qxf6 22. fxe3 c4) 21. hxg4 $18 cxd3 22. Rxc8 (22. Qxd3 Rxc2 23. Rxc2 (23. Qxc2 hxg4 24. Nd4 Rc8 $14) 23... hxg4 $14) 22... Bxc8 23. g5 ({Don't play} 23. Qxd3 $6 Bxg4 24. Rc6 (24. Qxa6 Ne4 $16) 24... Bxf3 25. Bxf3 Be5) 23... Ne4 {[%emt 0:00:39][%cal Oe4f2] Hoping for ...Nxf2!} 24. Qxd3 Ba3 {[%emt 0:00:14] [#]} 25. Rxc8 $1 Rxc8 26. Qxa6 $40 {[%emt 0:00:02][%mdl 128] Black is in trouble.} Rc2 (26... Bxb2 {was necessary.} 27. Qxc8+ Kg7) 27. Qxa3 {[%emt 0:06:21] Chess con chili.} Qxa3 28. Bxa3 {[%emt 0:00:01] Nd4 is the strong threat.} Rxa2 29. Be7 Nxf2 (29... Ra1+ $142 30. Bf1 Ra2) 30. Ne5 Nd1 $2 (30... Rd2 31. Bb4 Re2 32. Bxd5 Nh3+ 33. Kf1 Rxe3) 31. Bxd5 Nxe3 32. Bxf7+ Kg7 33. Bf6+ Kf8 34. Bxg6 Rg2+ 35. Kh1 Rxg3 36. Be4 ({Weaker is} 36. Bxh5 Rh3+ 37. Kg1 Rxh5 $11) 36... Nd1 37. Bd5 Nc3 38. Kh2 {[%emt 0:00:53] And now Ng6+ would win.} Re3 39. Nd7+ Ke8 40. Bxc3 Rxc3 {[%emt 0:00:12] [#]} 41. g6 $1 {[%emt 0:00:02] Weighted Error Value: White=0.09 (flawless) /Black=0.56} 1-0

[Event "US Masters 2022"]
[Site "Charlotte"]
[Date "2022.11.26"]
[Round "6.4"]
[White "Antipov, Mikhail Al."]
[Black "Rahul Srivatshav P"]
[Result "1/2-1/2"]
[ECO "C07"]
[WhiteElo "2608"]
[BlackElo "2498"]
[Annotator "TA"]
[PlyCount "44"]
[EventDate "2022.11.23"]
[EventType "swiss"]
[EventCountry "USA"]
[SourceTitle "playchess.com"]
[Source "ChessBase"]
[SourceQuality "1"]
[TimeControl "5400+30"]

1. e4 e6 2. d4 d5 3. Nd2 c5 4. Ngf3 cxd4 5. exd5 Qxd5 6. Bc4 Qd6 7. O-O Nf6 8. Nb3 Nc6 9. Nbxd4 Nxd4 10. Nxd4 Be7 11. c3 O-O 12. Qf3 Qc7 13. Bb3 {[%emt 0:00:00] C07: French Tarrasch: 3...c5, 4 Ngf3 and 4 exd5 Qxd5.} a5 14. a4 (14. Bf4 {is more complex.} e5 15. Bg3 Bg4 16. Qd3) 14... Bd7 15. Re1 Bd6 {[%emt 0:00:43] [#]} 16. g3 $146 ({Predecessor:} 16. h3 Bc6 17. Nxc6 bxc6 18. Bc2 Rfe8 19. Bg5 Nd5 20. Rad1 Rab8 21. Bc1 g6 22. h4 {½-½ (39) Vykouk,J (2421)-Lewtak,D (2365) Skalica 2020}) 16... e5 17. Nb5 Bxb5 18. axb5 e4 19. Qe2 Rfe8 (19... h6 $14) 20. Ra4 ({White should try} 20. Be3 $16) 20... Bc5 $1 $11 21. Bc2 (21. Bg5 $5 Qe5 22. Bxf6 Qxf6 23. Kg2 $11 (23. Rxe4 $2 {perishes.} Rxe4 24. Qxe4 Bxf2+ 25. Kg2 Bxe1 $19)) 21... h6 22. Bxe4 Qb6 {[%emt 0:00:57] Weighted Error Value: White=0.23 (precise) /Black=0.16 (very precise)} 1/2-1/2

[Event "US Masters 2022"]
[Site "Charlotte"]
[Date "2022.11.26"]
[Round "6.5"]
[White "Burke, John M"]
[Black "Grinberg, Eyal"]
[Result "1/2-1/2"]
[ECO "B90"]
[WhiteElo "2580"]
[BlackElo "2491"]
[Annotator "TA"]
[PlyCount "66"]
[EventDate "2022.11.23"]
[EventType "swiss"]
[EventCountry "USA"]
[SourceTitle "playchess.com"]
[Source "ChessBase"]
[SourceQuality "1"]
[TimeControl "5400+30"]

1. e4 c5 2. Nf3 d6 3. d4 cxd4 4. Nxd4 Nf6 5. Nc3 a6 6. Be3 e5 7. Nb3 Be6 8. f3 h5 9. Be2 {[%emt 0:00:32] B90: Sicilian Najdorf: Unusual White 6th moves, 6 Be3 Ng4 and 6 Be3 e5.} Nbd7 10. f4 Rc8 (10... g6 $11) 11. f5 $14 {[%emt 0:02:58] White is slightly better.} Bc4 12. Bxc4 Rxc4 13. Qd3 Qc7 {[%emt 0:10:51][%cal Od6d5] [#]} 14. Nd2 $146 {[%emt 0:09:15][%cal Bb3d2,Bd2c4,Bc4e3,Be3d5][%mdl 32] Inhibits d5. White is more active.} ({Predecessor:} 14. O-O-O b5 15. Kb1 Be7 16. h3 O-O 17. g4 Rxc3 18. bxc3 Qc6 19. Bg5 Rc8 20. Rhe1 {1-0 (35) Movsesian,S (2595)-Grooten,H (2395) Cappelle la Grande 1998}) 14... Rc6 15. O-O-O Be7 16. h3 (16. Kb1 {is interesting.} b5 17. Nd5 Qa5 18. h3) 16... h4 17. Rhg1 Qa5 18. Kb1 Nc5 (18... b5 $14 {deserves consideration.}) 19. Nc4 Qb4 20. Bxc5 Qxc5 {[%emt 0:00:23] [#]} 21. Ne3 Nh5 22. Ned5 Bg5 23. Qf3 f6 24. Rge1 Kf7 25. a3 a5 {[%emt 0:02:23] Inhibits Nb4.} 26. a4 Ng3 27. Rd3 Rhc8 28. Qd1 (28. Ka1 $16) 28... Qf2 $11 {[%emt 0:01:20] The position is equal.} 29. Rg1 Kf8 30. Rf3 Qd2 31. Rd3 Qf2 32. Rf3 Qd2 33. Rd3 Qf2 {[%emt 0:00:08] Weighted Error Value: White=0.11 (very precise) /Black=0.07 (flawless)} 1/2-1/2

[Event "US Masters 2022"]
[Site "Charlotte"]
[Date "2022.11.26"]
[Round "6.6"]
[White "Caglar, Sila"]
[Black "Hambleton, Aman"]
[Result "1-0"]
[ECO "B48"]
[WhiteElo "2268"]
[BlackElo "2437"]
[Annotator "TA"]
[PlyCount "59"]
[EventDate "2022.11.23"]
[EventType "swiss"]
[EventCountry "USA"]
[SourceTitle "playchess.com"]
[Source "ChessBase"]
[SourceQuality "1"]
[TimeControl "5400+30"]

1. e4 c5 2. Nf3 e6 3. d4 cxd4 4. Nxd4 Nc6 5. Nc3 Qc7 6. Be3 a6 7. Qd2 Nf6 8. f3 h5 {[%emt 0:05:07] Inhibits g4. B48: Sicilian: Taimanov: 5 Nc3 Qc7 6 Be3 a6 without Be2.} 9. O-O-O b5 10. Nb3 (10. Nxc6 $14 Qxc6 11. Bd3 (11. e5 b4 $11)) 10... Ne5 {[%emt 0:19:41] [#] The position is equal.} 11. Bd4 $146 ({Predecessor:} 11. Kb1 Rb8 12. Bd4 d6 13. f4 Ned7 14. a3 Be7 15. Be2 Bb7 16. Bf3 e5 17. Be3 {0-1 (34) Bitoon,R (2430)-Ghorbani,M (2322) Tagaytay City 2004}) 11... Bb7 12. Qf2 Nc4 (12... Rc8 $11) 13. Bxc4 $14 bxc4 14. Bb6 Qf4+ 15. Nd2 {[%emt 0:00:00] Strongly threatening g3.} Rc8 $1 16. Qd4 Ba8 17. a4 (17. Kb1 $5 ) 17... d6 (17... Bb4 $11) 18. g3 $16 Qe5 {[%emt 0:00:34] [#]} (18... Qh6 $16) 19. Qe3 $1 $36 {[%emt 0:00:00][%mdl 2048] Hoping for f4. White has strong initiative.} (19. Nxc4 $6 Qxd4 20. Rxd4 d5 $16) 19... Nd7 20. f4 {[%emt 0:00:00] Against h4} Qf6 21. Rhe1 Nxb6 22. Qxb6 Be7 $2 (22... Qd8 23. Qxa6 Qc7) 23. e5 dxe5 24. Nde4 ({Not} 24. Rxe5 O-O $16) (24. fxe5 Qg5 $14) 24... Qg6 25. Nd6+ (25. Qxa6 O-O $11) 25... Bxd6 26. Qxd6 {[%emt 0:00:00] Threatening mate with Qd7+.} Bc6 {[%emt 0:00:43] Inhibits Qd7+.} 27. Rxe5 ({Less strong is} 27. Qxe5 O-O $16) 27... Qg4 28. Ne4 Qf3 {[%emt 0:00:33] [#]} 29. Ng5 (29. Rxe6+ $142 $1 fxe6 30. Qxe6+ Kf8 31. Qxc8+ Be8 32. Qf5+ Kg8 33. Rd8 Qf1+ 34. Kd2) 29... Qg2 {[%emt 0:00:29] [#]} 30. Rxe6+ $1 {[%emt 0:00:00][%mdl 512] Weighted Error Value: White=0.20 (precise) /Black=0.91} 1-0

[Event "US Masters 2022"]
[Site "Charlotte"]
[Date "2022.11.26"]
[Round "6.7"]
[White "Beradze, Irakli"]
[Black "Yoo, Christopher Woojin"]
[Result "1/2-1/2"]
[ECO "A38"]
[WhiteElo "2494"]
[BlackElo "2573"]
[Annotator "TA"]
[PlyCount "43"]
[EventDate "2022.11.23"]
[EventType "swiss"]
[EventCountry "USA"]
[SourceTitle "playchess.com"]
[Source "ChessBase"]
[SourceQuality "1"]
[TimeControl "5400+30"]

1. Nf3 c5 2. c4 Nf6 3. Nc3 d5 4. cxd5 Nxd5 5. g3 Nc6 6. Bg2 g6 7. d3 Bg7 8. Bd2 O-O 9. O-O b6 10. Nxd5 {[%emt 0:00:00] A38: Symmetrical English vs ...g6: 4 Bg2 Bg7 5 Nf3 Nf6.} Qxd5 11. Ne5 Qxe5 12. Bxc6 {[%emt 0:00:00] Black is slightly better.} Bg4 13. Bc3 {[%emt 0:00:00] [#] The position is equal.} Qxe2 $146 ({Predecessor:} 13... Qe6 14. Bxa8 Bxe2 15. Bd5 Bxd1 16. Bxe6 Be2 17. Rfe1 {1-0 (17) Kasel,A (1572)-Bollnow,A (1426) Malchow 2015}) 14. Qxe2 Bxe2 15. Bxg7 Kxg7 16. Rfe1 Rac8 17. Bb5 Bf3 {[%emt 0:01:26] ...e6 is the strong threat.} 18. Rxe7 a5 19. Rae1 Rfd8 20. Bc4 Bd5 21. Ra7 Rc6 {[%emt 0:03:22] And now ...Bxc4 would win.} 22. Ree7 {[%emt 0:07:00] Weighted Error Value: White=0.02 (flawless) /Black=0.04 (flawless)} 1/2-1/2

[Event "US Masters 2022"]
[Site "Charlotte"]
[Date "2022.11.26"]
[Round "6.8"]
[White "Cordova, Emilio"]
[Black "Macovei, Andrei"]
[Result "1/2-1/2"]
[ECO "E60"]
[WhiteElo "2561"]
[BlackElo "2482"]
[Annotator "TA"]
[PlyCount "69"]
[EventDate "2022.11.23"]
[EventType "swiss"]
[EventCountry "USA"]
[SourceTitle "playchess.com"]
[Source "ChessBase"]
[SourceQuality "1"]
[TimeControl "5400+30"]

1. Nf3 Nf6 2. e3 g6 3. d4 Bg7 4. Be2 O-O 5. c4 d6 6. Nc3 Nbd7 7. b3 e5 8. Bb2 Re8 9. Qc2 Nf8 {[%emt 0:05:11] E60: King's Indian: Unusual lines and Fianchetto Variation without Nc3.} 10. dxe5 dxe5 11. Rd1 N8d7 (11... Qe7 $11) 12. O-O c6 13. Ng5 {[%emt 0:05:07][%cal Bf3g5,Bg5h3,Bh3f4][%mdl 32] [#]} e4 $146 ({Predecessor:} 13... Qc7 14. Nge4 Nxe4 15. Nxe4 Nf6 16. Nd6 Re6 17. c5 Re7 18. Rd2 Nd5 19. Nxc8 Rxc8 {0-1 (60) Shaposhnikov,E (2576)-Teterev,V (2486) St Petersburg 2018}) 14. Rd4 $1 ({Stronger than} 14. Ncxe4 Nxe4 15. Nxe4 Bxb2 $17) 14... c5 15. Rd2 Qe7 16. Nb5 {[%emt 0:02:56] And now Nc7 would win.} h6 17. Nh3 {[%emt 0:01:04] White has more active pieces.} ({Inferior is} 17. Nc7 hxg5 18. Nxa8 Nf8 $15) 17... Ne5 18. Nf4 Bf5 19. Nd6 Red8 20. Nxf5 gxf5 21. Rfd1 {[%emt 0:00:29] Hoping for Rxd8+.} Ng6 {[%emt 0:01:05] [#]} 22. Rxd8+ (22. Bxf6 $1 $16 Qxf6 23. Nd5) 22... Rxd8 $14 23. Rxd8+ (23. Bxf6 {simplifies} Rxd1+ 24. Qxd1 Qxf6 25. Nh5) 23... Qxd8 24. Qd1 Qe7 25. Bxf6 Qxf6 26. Nd5 Qb2 27. a4 Kf8 {[%emt 0:03:50] [#]} 28. g3 ({White should try} 28. Bf1 $1 $16) 28... Qa1 $1 $11 29. Qxa1 Bxa1 {[%emt 0:00:01][%mdl 4096] Endgame KBN-KBN} 30. Bf1 Ne5 $1 31. Bh3 Ng4 32. Kg2 Be5 {[%emt 0:00:46] The position is equal.} 33. Kg1 Ke8 34. Bg2 Kd7 35. h3 {[%emt 0:14:09] Black defended with fortune.   Weighted Error Value: White=0.11 (very precise) /Black=0.16 (very precise)} 1/2-1/2

[Event "US Masters 2022"]
[Site "Charlotte"]
[Date "2022.11.26"]
[Round "6.9"]
[White "Mandizha, Farai"]
[Black "Cruz, Cristhian"]
[Result "1/2-1/2"]
[ECO "D37"]
[WhiteElo "2359"]
[BlackElo "2552"]
[Annotator "TA"]
[PlyCount "66"]
[EventDate "2022.11.23"]
[EventType "swiss"]
[EventCountry "USA"]
[SourceTitle "playchess.com"]
[Source "ChessBase"]
[SourceQuality "1"]
[TimeControl "5400+30"]

1. d4 d5 2. c4 e6 3. Nc3 Nf6 4. Nf3 Be7 5. Bf4 O-O 6. e3 c5 7. dxc5 Bxc5 8. a3 Nc6 9. b4 Be7 10. Qb3 {[%emt 0:06:36] D37: Queen's Gambit Declined: 5 Bf4.} (10. cxd5 {simplifies} Nxd5 11. Nxd5 Qxd5 12. Qxd5 exd5 13. Bd3) 10... a5 11. b5 a4 12. Qb2 {[%emt 0:03:35] [#]} Na5 $146 {[%emt 0:05:06] ...Nb3 is the strong threat.} ({Predecessor:} 12... Qb6 13. Qc2 d4 14. bxc6 dxc3 15. Be5 Qb2 16. Qxc3 Qxc3+ 17. Bxc3 bxc6 18. Bd3 Nd7 {0-1 (51) Meneghetti,J (1756)-Beckett,P (2025) ICCF email 2016}) 13. Rd1 Qe8 (13... Nb3 $11 {feels stronger.}) 14. cxd5 (14. Be5 {seems wilder.} dxc4 15. Nxa4 Nb3 16. Nc3) 14... exd5 15. Rd4 ({Of course not} 15. Nxd5 Nxd5 16. Rxd5 Be6 $15) 15... Be6 16. Rxa4 Nd7 17. Bg5 {[%emt 0:09:15] [#]} (17. Rd4 $15) 17... f6 $1 $17 18. Bf4 {[%emt 0:02:29] [#]} Nb6 $1 $36 {[%emt 0:02:14][%mdl 2048] Black has strong initiative.} 19. Rd4 Nac4 20. Bxc4 Nxc4 21. Qb1 Nxa3 ({Reject} 21... Rxa3 $6 22. Nxd5 Bxd5 23. Rxd5 $11) 22. Qd3 Bc5 {[%emt 0:02:10] aiming for ...g5.} 23. O-O Bxd4 24. Nxd4 Nc4 25. Nxe6 Qxe6 26. Nxd5 Rfd8 27. e4 Rac8 28. Bc7 {[%emt 0:05:25] Inhibits f5.} Ne5 29. Qg3 Re8 30. h3 Kh8 (30... f5 $17 31. Qf4 Nc4 32. Qxf5 Qxe4 33. Qxe4 Rxe4) 31. b6 Ng6 32. Nc3 Ra8 (32... Qc4 $15) 33. Nb5 $1 $11 Qxe4 {[%emt 0:03:05] And White is the lucky defender.   Weighted Error Value: White=0.14 (very precise) /Black=0.14 (very precise)} 1/2-1/2

[Event "US Masters 2022"]
[Site "Charlotte"]
[Date "2022.11.26"]
[Round "6.10"]
[White "Macieja, Bartlomiej"]
[Black "Kavutskiy, Konstantin"]
[Result "1-0"]
[ECO "E90"]
[WhiteElo "2514"]
[BlackElo "2383"]
[Annotator "TA"]
[PlyCount "69"]
[EventDate "2022.11.23"]
[EventType "swiss"]
[EventCountry "USA"]
[SourceTitle "playchess.com"]
[Source "ChessBase"]
[SourceQuality "1"]
[TimeControl "5400+30"]

1. d4 Nf6 2. c4 g6 3. Nc3 Bg7 4. e4 d6 5. Nf3 O-O 6. h3 e5 7. d5 Nh5 8. g3 {[%emt 0:00:39] E90: King's Indian: Classical: Early deviations and 6 h3.} Na6 9. Nh2 Nc5 10. Be3 {[%emt 0:13:00] [#] The position is equal.} Nf6 $146 ({Predecessor:} 10... a5 11. Be2 Nf6 12. Bf3 Ne8 13. g4 f5 14. gxf5 gxf5 15. exf5 Bxf5 16. Bxc5 dxc5 {½-½ (79) Postny,E (2623)-Guseinov,G (2664) Chess.com INT 2019}) 11. Qc2 a5 12. O-O-O Bd7 13. Be2 Qe7 ({Reject} 13... Bxh3 14. g4 $11) 14. g4 c6 15. g5 Ne8 16. Ng4 Nc7 (16... f5 $14) 17. Qd2 {[%emt 0:20:32] [#] Black must now prevent Bxc5.} cxd5 {[%emt 0:10:08] And now ...d4 would win.} 18. cxd5 (18. Bxc5 $14 dxc5 19. exd5) 18... N7a6 (18... b5 $1 $15) 19. f3 $1 $14 Rfc8 {[%emt 0:02:11] Black is now going downhill.} ({Black should try} 19... b5 $14) 20. Kb1 $16 Rab8 21. Nb5 {[%emt 0:03:00] Threatens to win with Nf6+.} Bxb5 (21... Qd8 $16) 22. Bxb5 $18 Nc7 23. Qxa5 Ra8 24. Qb6 Nxb5 25. Qxb5 Qd8 26. b3 Ra5 27. Qb4 {[%emt 0:00:02] White is much more active.} Rca8 28. Rh2 Qd7 (28... b6 $142 29. h4 Qc7) 29. Rb2 b6 (29... Qe7 $142 30. Qd2 Nd7) 30. Qxb6 R5a6 31. Qb4 Qa7 32. Rdd2 Ra5 33. Qc4 {[%emt 0:01:45] [#] aiming for b4. White is clearly winning.} Qe7 34. Rdc2 Nd7 35. Qc7 {[%emt 0:00:20] Weighted Error Value: White=0.09 (flawless) /Black=0.26 (precise)} 1-0

[Event "US Masters 2022"]
[Site "Charlotte"]
[Date "2022.11.26"]
[Round "6.11"]
[White "Wang, Kevin"]
[Black "Negi, Parimarjan"]
[Result "1/2-1/2"]
[ECO "D37"]
[WhiteElo "2407"]
[BlackElo "2639"]
[Annotator "TA"]
[PlyCount "76"]
[EventDate "2022.11.23"]
[EventType "swiss"]
[EventCountry "USA"]
[SourceTitle "playchess.com"]
[Source "ChessBase"]
[SourceQuality "1"]
[TimeControl "5400+30"]

1. d4 d5 2. c4 e6 3. Nc3 Nf6 4. Nf3 Be7 5. Bf4 O-O 6. e3 c5 7. dxc5 Bxc5 8. Qc2 Nc6 9. Rd1 Qa5 10. a3 Be7 11. Be2 $1 {[%emt 0:00:00] 11.Be2 scores better than 11.Nd2. D37: Queen's Gambit Declined: 5 Bf4.} dxc4 12. Bxc4 e5 13. Bg3 {[%emt 0:00:00] White is slightly better.} Bg4 {[%emt 0:00:32] [#] White must now prevent ...e4.} 14. O-O Rac8 15. h3 Bh5 16. Nd5 {[%emt 0:00:00] White is more active.} Bxf3 17. gxf3 {[%emt 0:00:00] [#] b4 is the strong threat.} Nxd5 18. Rxd5 Qb6 {[%emt 0:00:05] [#]} 19. Qb3 $146 ({Don't play} 19. Bxe5 $6 Na5 20. Bd4 Rxc4 $11) ({White should play} 19. b4 $16) ({Predecessor:} 19. b4 Bf6 20. Qe4 Rfd8 21. Rb5 Qc7 22. Rc1 Qe7 23. Kg2 g6 24. Bd5 a6 25. Rbc5 Kg7 26. Bxc6 bxc6 27. Rxc6 Rxc6 28. Rxc6 {1-0 (28) De,G (2284)-Kobese,W ICCF email 2019}) 19... Qxb3 $14 20. Bxb3 Rfd8 {[%emt 0:00:19] Prevents Rd7.} 21. Rfd1 (21. Bxe5 $2 {is the wrong capture.} Rxd5 22. Bxd5 Nxe5 $19) 21... Rxd5 22. Rxd5 Rd8 {[%emt 0:00:25] Against Rd7} 23. Rxd8+ (23. Bxe5 $2 {loses.} Rxd5 24. Bxd5 Nxe5 $19) (23. Rb5 $5 ) 23... Bxd8 $11 {[%emt 0:00:20][%mdl 4096] Endgame KBB-KBN. The position is equal.} 24. Bd5 Bc7 25. Kf1 Kf8 26. Ke2 Ke7 27. f4 exf4 28. Bxf4 Bxf4 29. exf4 f6 30. Bxc6 bxc6 {[%emt 0:00:06] KP-KP} 31. Kd3 Ke6 32. Ke4 g6 {[%emt 0:04:43] Inhibits f5+.} 33. b4 h5 34. h4 {[%emt 0:00:00][%cal Of4f5] Strongly threatening f5+!} Kd6 35. Kd4 Ke6 {[%emt 0:01:04] And now ...Kf5 would win.} 36. Ke4 {[%emt 0:00:00][%cal Of4f5] Hoping for f5+!} Kd7 37. Kd3 Kd6 38. Kd4 Ke6 {[%emt 0:00:10] Weighted Error Value: White=0.05 (flawless) /Black=0.04 (flawless)} 1/2-1/2

[Event "US Masters 2022"]
[Site "Charlotte"]
[Date "2022.11.26"]
[Round "6.12"]
[White "Williams, Justus"]
[Black "Theodorou, Nikolas"]
[Result "1/2-1/2"]
[ECO "E64"]
[WhiteElo "2395"]
[BlackElo "2598"]
[Annotator "TA"]
[PlyCount "92"]
[EventDate "2022.11.23"]
[EventType "swiss"]
[EventCountry "USA"]
[SourceTitle "playchess.com"]
[Source "ChessBase"]
[SourceQuality "1"]
[TimeControl "5400+30"]

1. d4 Nf6 2. Nf3 g6 3. c4 Bg7 4. Nc3 d6 5. g3 O-O 6. Bg2 c5 7. dxc5 dxc5 8. Qxd8 Rxd8 9. Be3 {[%emt 0:00:35] E64: King's Indian: Fianchetto: 6...c5 7 d5.} Nc6 $1 {[%emt 0:12:19][%mdl 4] outshines the older 9...Na6.} 10. Bxc5 Be6 11. Nd2 Nd7 12. Ba3 Nb6 {[%emt 0:04:19] Prevents Nd5.} 13. c5 {[%emt 0:20:35] [#]} Bxc3 $146 ({Predecessor:} 13... Nc4 14. Nxc4 Bxc4 15. O-O Rd7 16. Rfd1 Rad8 17. e3 Rxd1+ 18. Rxd1 Rxd1+ 19. Nxd1 Bxa2 {½-½ (36) Hodovsky,J (2129)-Skacelik,P (2185) Czech Republic 2014}) 14. bxc3 Na4 15. Rc1 Bd5 (15... Bxa2 16. c4 $16) 16. Bxd5 Rxd5 17. Nb3 Rad8 18. O-O f6 19. f4 Kf7 20. Kg2 e5 21. fxe5 Rxe5 22. Rf4 Rxe2+ 23. Kg1 $1 Nb2 24. Kf1 (24. Nd4 $11 {keeps the balance.} Nxd4 25. Rxd4 Rxd4 26. cxd4) 24... Rxh2 $17 25. Kg1 Re2 {[%emt 0:00:22] aiming for ...Nd3.} 26. Kf1 (26. Nd4 $17 {is a better defense.} Nxd4 27. Rxd4 Rxd4 28. cxd4) 26... Rde8 $19 27. Nd4 Rd2 {[%emt 0:04:25] Strongly threatening ...Nd3.} 28. Nb5 (28. Bxb2 $142 Rxb2 29. Nxc6 bxc6 30. Rd1) 28... Kg7 (28... g5 $19 29. Nd6+ {[#]} Rxd6 $1 30. cxd6 gxf4 31. Bxb2 fxg3) 29. Nd6 $17 Ree2 $36 {[%emt 0:00:22][%mdl 2048] Black is really pushing.} 30. Ne4 {[%emt 0:00:45] [#]} Nd3 $1 31. Nxd2 Rxd2 ({Much less strong is} 31... Nxf4 32. Rc2 $16) 32. Rb1 Nxf4 {[%emt 0:00:21] Pair of Knights!} ({Don't play} 32... Rxa2 33. Rxb7+ Kh6 34. Rxf6 $16) 33. Rxb7+ Kg8 34. gxf4 Rxa2 35. Rc7 (35. Bb2 $17) 35... Rxa3 $19 36. Rxc6 Rxc3 {[%emt 0:00:24][%mdl 4096] Endgame KR-KR} 37. Rc7 Rc2 38. Ke1 h5 39. Kd1 Ra2 (39... Rc4 $19 40. Ke2 h4) 40. c6 $17 {[%emt 0:01:48] Hoping for Rc8+.} Ra6 41. Ke2 Kf8 ({Black should play} 41... h4 $17 {And now ...h3 would win.} 42. Rc8+ Kg7 43. Rc7+ Kf8) 42. Ke3 $11 {[%emt 0:02:49] The position is equal.} h4 43. Kd4 {[%emt 0:00:50] Threatens to win with Kd5.} h3 44. Kd5 {[%emt 0:00:21] Black must now prevent Rh7.} Kg8 {[%emt 0:01:23] Inhibits Rh7.} 45. Rc8+ Kg7 {[%emt 0:00:13] ( -> ...h2)} 46. c7 {[%emt 0:00:27][%cal Oc8g8] Threatening mate with Rg8+!} Ra5+ {[%emt 0:00:33] And White is the lucky defender.   Weighted Error Value: White=0.19 (very precise) /Black=0.18 (very precise)} 1/2-1/2

[Event "US Masters 2022"]
[Site "Charlotte"]
[Date "2022.11.26"]
[Round "6.13"]
[White "Gazik, Viktor"]
[Black "Hilby, Craig"]
[Result "1/2-1/2"]
[ECO "C11"]
[WhiteElo "2564"]
[BlackElo "2411"]
[Annotator "TA"]
[PlyCount "55"]
[EventDate "2022.11.23"]
[EventType "swiss"]
[EventCountry "USA"]
[SourceTitle "playchess.com"]
[Source "ChessBase"]
[SourceQuality "1"]
[TimeControl "5400+30"]

1. e4 e6 2. d4 d5 3. Nc3 Nf6 4. e5 Nfd7 5. Nf3 c5 6. dxc5 Bxc5 7. Bd3 Nc6 8. Bf4 f6 9. exf6 Qxf6 10. Bg3 {[%emt 0:01:45] The position is equal.} O-O {[%emt 0:15:05] C11: French: Classical System: 4 e5 and 4 Bg5 dxe4.} 11. O-O Nd4 12. Nxd4 Bxd4 13. Qe2 ({Don't play} 13. Qh5 g6 14. Qe2 Nc5) 13... Nc5 {[%emt 0:15:06] [#]} 14. Bd6 $146 ({Predecessor:} 14. Rad1 Bd7 15. Bb5 Bxc3 16. Bxd7 Nxd7 17. bxc3 Rac8 18. Rd3 Nc5 19. Rf3 Qe7 20. Be5 Rxf3 21. Qxf3 {0-1 (40) Baker,C (2272)-Buchenau,F (2269) Chess.com INT 2022}) 14... Nxd3 15. cxd3 Re8 16. Nb5 ({Much worse is} 16. Nxd5 Qd8 17. Nc7 Qxd6 $17) 16... e5 $1 {[%emt 0:04:33] [#] Hoping for ...Bd7.} 17. Rae1 Bd7 18. Nxd4 Qxd6 19. Nf3 Bg4 20. h3 Bh5 21. g4 Bg6 22. Nxe5 {[%emt 0:00:41] Black must now prevent f4.} Bxd3 $1 {[%emt 0:00:37][%mdl 64] [#]} 23. Qxd3 Rxe5 24. Rxe5 Qxe5 $11 {[%emt 0:00:10] KQR-KQR} 25. Rd1 Rd8 26. Qd4 Qxd4 27. Rxd4 Kf7 28. f4 {[%emt 0:01:11] A balanced but interesting game.   Weighted Error Value: White=0.02 (flawless) /Black=0.01 (flawless)} 1/2-1/2